 Dungeon Crawl Stone Soup version 0.31-a0-426-g3a05650e59 (webtiles) character file.

Game seed: 16471470458482645909

179 hashsling the Trooper (level 5, -2/35 HPs)
             Began as a Gargoyle Monk on July 30, 2023.
             Killed by divine providence
             ... invoked by an orc priest
              (14 damage)
             ... on level 4 of the Dungeon.
             The game lasted 00:05:58 (2288 turns).

hashsling the Trooper (Gargoyle Monk)               Turns: 2288, Time: 00:05:59

Health: -2/35      AC: 10    Str: 16    XL:     5   Next: 59%
Magic:  5/5        EV: 11    Int: 17    God:
Gold:   160        SH:  0    Dex: 12    Spells: 4/4 levels left

rFire   . . .        a - +0 mace
rCold   . . .        d - orb {light}
rNeg    + . .        q - +0 ring mail
rPois   ∞            (no helmet)
rElec   +            (no cloak)
rCorr   .            (no gloves)
SInv    .            r - +0 pair of boots
Will    .....        (no amulet)
Stlth   +            m - +6 ring of intelligence
HPRegen 0.25/turn    (no ring)
MPRegen 0.09/turn

%: no passive effects
@: glowing
A: sickness immunity, AC +4, negative energy resistance 1, electricity
resistance, torment resistance 1, petrification resistance
a: no special abilities


You were on level 4 of the Dungeon.
You visited 1 branch of the dungeon, and saw 4 of its levels.

You collected 160 gold pieces.

Inventory:

Hand Weapons
 a - a +0 mace (weapon)
Armour
 d - an orb of light (worn)
 j - a +0 chain mail
 p - a +0 buckler
 q - a +0 ring mail (worn)
 r - a +0 pair of boots (worn)
Jewellery
 m - a +6 ring of intelligence (left hand)
Scrolls
 e - a scroll of revelation {unknown}
 f - 2 scrolls of teleportation
 g - a scroll of poison {unknown}
 n - 2 scrolls of immolation
 o - 2 scrolls of amnesia
 s - a scroll of butterflies {unknown}
Potions
 c - a potion of ambrosia
 h - a potion of attraction {unknown}
 i - a potion of mutation {unknown}
 k - a potion of enlightenment {unknown}
 t - a potion of cancellation {unknown}


   Skills:
 + Level 5.0 Fighting
 + Level 4.5 Maces & Flails
 * Level 0.0 Armour
 - Level 3.0 Dodging


You had 4 spell levels left.
You didn't know any spells.
Your spell library contained the following spells:

 Spells                   Type           Power      Damage    Failure   Level
 Summon Small Mammal      Summ           0%         N/A       41%         1
 Blink                    Tloc           0%         N/A       56%         2
 Lesser Beckoning         Tloc           0%         N/A       56%         2
 Momentum Strike          Conj/Tloc      0%         3d8       56%         2
 Call Canine Familiar     Summ           0%         N/A       80%         3
 Summon Guardian Golem    Hex/Summ       0%         N/A       80%         3
 Alistair's Intoxication  Tmut/Pois      0%         N/A       100%        5
 Borgnjor's Vile Clutch   Necr/Erth      0%         N/A       100%        5
 Eringya's Noxious Bog    Tmut/Pois      0%         4d6       100%        6


Dungeon Overview and Level Annotations

Branches:
Dungeon (4/15)
 Temple: D:4-7

Altars:

Shops:
D:2 !*(   D:3 ?


Innate Abilities, Weirdness & Mutations

You are immune to sickness and miasma.
Your stone body is resilient. (AC +4)
You are immune to poison.
You resist negative energy. (rN+)
You are resistant to electric shocks. (rElec)
You are resistant to unholy torment.
You are immune to petrification.


Message History

Where to? (Enter - D:3, ? - help)
What level of the Dungeon? (default 1, ? - help)
There is a stone staircase leading down here.
You climb downwards.
You hear the hiss of flowing sand.
There is an entrance to an ossuary on this level.
Hurry and find it before the portal is buried!
There is a stone staircase leading up here.
Found a stone staircase leading down.
As you read the scroll labelled YTA TERUSE, it crumbles to dust.
It is a scroll of identify.
n - 2 scrolls of immolation
As you read the scroll of identify, it crumbles to dust.
o - 2 scrolls of amnesia
Found a robe.
An orc wizard comes into view. It is wielding a +0 dagger.
The orc wizard shouts!
You hear a shout! x3
The orc wizard points at you and mumbles some strange words.
The magic dart hits you but does no damage.
The orc wizard mumbles some strange words.
The orc wizard flickers and vanishes!
Deactivating autopickup; reactivate with Ctrl-A.
You hear a shout!
An orc and an orc wizard come into view.
The orc shouts!
The orc wizard shouts!
The orc wizard points at you and mumbles some strange words.
You resist with some effort.
An orc priest comes into view. It is wielding a +0 whip.
The orc priest shouts!
The orc priest mumbles some strange prayers to Beogh against you.
Beogh smites you!
An orc wizard comes into view. It is wielding a +0 dagger.
The orc wizard shouts!
The orc wizard hits you but does no damage.
The orc priest mumbles some strange prayers to Beogh against you.
Beogh smites you!
The orc wizard moves out of view.
The orc wizard attacks as you move away!
The orc wizard hits you with a +0 dagger.
The orc priest calls down the wrath of Beogh upon you.
Beogh smites you!
You die...

####.#
#.#
#.#
#.#
#.#
###.##
#....#
###..#
#@.#
##..#
#...#


#ooo# ..[..# .......# #......#.# #.#...o o# # ##... .# You could see an orc
priest, 3 orc wizards and an orc.

Vanquished Creatures
  2 orc priests
  An orc wizard (D:3)
  2 adders (D:3)
  A worm (D:3)
  A dart slug (D:1)
  6 orcs
  5 endoplasms
  A giant cockroach (D:3)
  6 goblins
  6 hobgoblins
  6 jackals (D:1)
  6 kobolds
  3 quokkas (D:2)
  4 ball pythons
  6 bats
  2 frilled lizards
  5 rats
63 creatures vanquished.

Notes
Turn   | Place    | Note
-------+----------+-------------------------------------------
     0 | D:1      | hashsling the Gargoyle Monk began the quest for the Orb.
     0 | D:1      | Reached XP level 1. HP: 14/14 MP: 1/1
   151 | D:1      | Reached XP level 2. HP: 16/19 MP: 2/2
   509 | D:1      | Reached XP level 3. HP: 19/24 MP: 3/3
  1088 | D:2      | Reached skill level 4 in Fighting
  1094 | D:2      | Found Helug's General Store.
  1145 | D:2      | Found Kaiciuc's Weapon Emporium.
  1227 | D:2      | Found Huyjit's Distillery.
  1611 | D:3      | Reached XP level 4. HP: 25/29 MP: 4/4
  1787 | D:3      | Found Canaelol's Magic Scroll Shoppe.
  2099 | D:2      | Reached XP level 5. HP: 30/34 MP: 5/5
  2235 | D:3      | Reached skill level 5 in Fighting
  2288 | D:4      | Killed from afar by an orc priest

Illustrated notes

Levels and vault maps discovered:
D:1:      minmay_arrival_cross, layout_basic, serial_bayou_lake_a
D:2:      layout_rooms, serial_shops, nicolae_shop_gibbet_a_chance, shop,
          nicolae_shop_bloodbath_and_beyond
D:3:      layout_basic, serial_shops, shop
D:4:      layout_basic, minmay_temple_entry_mist, enter_ossuary_4,
          kennysheep_cluttered_room

Skill      XL: |  1  2  3  4  5 |
---------------+----------------+-----
Fighting       | 4 5 |  5.0
Maces & Flails | 4 |  4.5
Dodging        | 3 |  3.0

Action                     |  1- 3 |  4- 6 || total
---------------------------+-------+-------++-------
  Melee: Mace              |   115 |    62 ||   177
    Use: Scroll            |     1 |     2 ||     3
 Armour: Robe              |    38 |    22 ||    60
         Leather armour    |     1 |       ||     1
         Ring mail         |       |     2 ||     2
  Dodge: Dodged            |    90 |    51 ||   141

Table legend: (Time is in decaauts)
 A = Elapsed time spent in this place.
 B = Non-inter-level travel time spent in this place.
 C = Inter-level travel time spent in this place.
 D = Time resting spent in this place.
 E = Time spent auto-exploring this place.
 F = Levels seen in this place.
 G = Mean time per level.
                   A        B        C        D        E       F      G
               +--------+--------+--------+--------+--------+-----+--------+
         Total |   2360 |   2270 |     90 |    107 |   1616 |   4 |  590.0 |
       Dungeon |   2360 |   2270 |     90 |    107 |   1616 |   4 |  590.0 |
               +--------+--------+--------+--------+--------+-----+--------+

Top non-repeatable levels by time:
     D:1: 1046 daAuts
     D:3: 698 daAuts
     D:2: 598 daAuts
     D:4: 17 daAuts
